 Dungeon Crawl Stone Soup version 0.22-a0-480-g991dd4b2b4 (webtiles) character file.

4950 Oravi the Destroyer (level 10, -5/78 HPs)
             Began as a Black Draconian Conjurer on June 15, 2018.
             Was a Priest of Vehumet.
             Slain by an orc knight
             ... wielding a +0 war axe
              (8 damage)
             ... on level 8 of the Dungeon.
             The game lasted 00:47:44 (11914 turns).

Oravi the Destroyer (Black Draconian Conjurer)     Turns: 11914, Time: 00:47:45

Health: -5/78      AC: 16    Str: 14    XL:     10   Next: 28%
Magic:  21/23      EV: 13    Int: 18    God:    Vehumet [***...]
Gold:   496        SH:  5    Dex: 12    Spells: 18/28 levels left

rFire    . . .     SeeInvis .   I - +3 short sword (venom)
rCold    . . .     Gourm    +   i - +1 buckler
rNeg     + . .     Faith    .   (armour unavailable)
rPois    .         Spirit   .   (helmet restricted)
rElec    +         Reflect  .   (no cloak)
rCorr    .         Harm     .   L - +2 pair of gloves {Str+3}
MR       .....                  (no boots)
Stlth    ++........             B - amulet of the gourmand
HPRegen  0.23/turn              c - +6 ring of protection
MPRegen  0.18/turn              m - ring of positive energy

@: drained
A: breathe lightning, unfitting armour, electricity resistance, cold-blooded, AC
+7
a: Breathe Lightning, Renounce Religion


You were on level 8 of the Dungeon.
You worshipped Vehumet.
Vehumet was most pleased with you.
You were very full.

You visited 2 branches of the dungeon, and saw 9 of its levels.
You also visited: Bailey.

You collected 496 gold pieces.

Inventory:

Hand Weapons
 f - a +0 hand axe
 r - a +0 dagger of draining
 u - a +0 blowgun
 F - a +0 vampiric dagger
 I - a +3 short sword of venom (weapon)
 K - a +3 war axe
Missiles
 h - 207 stones (quivered)
 q - 2 throwing nets
 t - 2 poisoned javelins
 v - 3 tomahawks
 x - 3 needles of sleeping
 y - 4 curare-tipped needles
Armour
 i - a +1 buckler (worn)
 L - a +2 pair of gloves of strength (worn)
Jewellery
 c - a +6 ring of protection (left hand)
 k - an uncursed ring of see invisible
 m - a ring of positive energy (right hand)
 s - an uncursed ring of resist corrosion
 B - an amulet of the gourmand (around neck)
Wands
 J - a wand of paralysis (11)
Scrolls
 a - 4 scrolls of remove curse
 o - 4 scrolls of amnesia
 C - a scroll of enchant weapon
Potions
 e - 4 potions of curing
 j - a potion of mutation
 n - a potion of magic
 p - a potion of lignification {unknown}
 w - 2 potions of resistance {unknown}
 z - 2 potions of haste {unknown}
 A - a potion of brilliance {unknown}
 D - a potion of invisibility {unknown}
 E - a potion of agility
 G - a potion of might {unknown}
Comestibles
 b - 15 rations


   Skills:
 + Level 3.8(3.6) Fighting
 + Level 3.7(3.6) Dodging
 - Level 1.7(1.6) Stealth
 + Level 3.5(3.3) Shields
 + Level 9.5(9.3) Spellcasting
 - Level 10.2(10.0) Conjurations


You had 18 spell levels left.
You knew the following spells:

 Your Spells              Type           Power        Failure   Level  Hunger
a - Magic Dart            Conj           ####         1%          1    None
b - Searing Ray           Conj           #####.       1%          2    None
c - Dazzling Spray        Conj/Hex       ####..       1%          3    None
d - Iskenderun's Mystic   Conj           #####...     1%          4    ###....

Your spell library contained the following spells:

 Spells                   Type           Power        Failure   Level  Hunger
 Spider Form              Tmut/Pois      #.........   28%         3    None
 Blade Hands              Tmut           #.........   95%         5    #####..
 Ice Form                 Ice/Tmut       #.......     67%         4    ###....
 Sticks to Snakes         Tmut           #.......     14%         2    None
 Beastly Appendage        Tmut           #.....       10%         1    None
 Fulminant Prism          Conj/Hex       ####......   3%          4    ###....
 Force Lance              Conj/Tloc      ####....     3%          4    ###....


Dungeon Overview and Level Annotations

Branches:
Dungeon (8/15)             Temple (1/1) D:4
   Lair: D:8-11

Altars:
Ashenzari
Cheibriados
Dithmenos
Elyvilon
Hepliaklqana
Kikubaaqudgha
Makhleb
Nemelex Xobeh
Qazlal
Ru
Sif Muna
Trog
Uskayaw
Vehumet
Wu Jian
Xom
Yredelemnul
Zin
The Shining One

Shops:
D:8 *


Innate Abilities, Weirdness & Mutations

You can breathe wild blasts of lightning.
Your glossy black scales are hard. (AC +7)
You cannot fit into any form of body armour.
You are resistant to electric shocks. (rElec)
You are cold-blooded and may be slowed by cold attacks.


Message History

You hit the orc knight but do no damage.
The orc knight looks as sick as possible!
The orc knight is heavily wounded.
The orc knight completely misses you.
You hit the orc knight.
The orc knight looks as sick as possible!
The orc knight is severely wounded.
The orc knight hits you with a war axe!!
* * * LOW HITPOINT WARNING * * *
You closely miss the orc knight.
The orc knight is severely wounded.
You block the orc knight's attack.
You completely miss the orc knight.
You tail-slap the orc knight, but do no damage.
The orc knight is severely wounded.
The orc knight barely misses you.
You barely miss the orc knight.
The orc knight is severely wounded.
The orc knight hits you with a war axe!
You die...

#..# ##.# #.#
#####
#.######....#
#......!....##
#..≈≈≈≈≈≈≈....
#..≈##)##≈...
#..≈#...# ..
#..≈#.@.#
#.!≈#o..#
#..≈#####
#..≈≈


You could see an orc knight.

Vanquished Creatures
  2 kobold demonologists (Bailey)
  A hippogriff (D:7)
  A wraith (D:7)
  A hungry ghost (D:7)
  Menkaure (D:7)
  14 orc warriors
  2 sky beasts
  A necrophage (D:5)
  3 centaurs (D:6)
  6 ogres
  A bullfrog (D:7)
  8 killer bees
  A howler monkey (D:5)
  4 electric eels (Bailey)
  2 orc priests
  2 centaur skeletons
  5 hounds
  3 orc wizards
  2 bullfrog skeletons
  7 worker ants
  A killer bee zombie (D:5)
  A hound skeleton (D:4)
  10 gnolls
  2 worker ant zombies
  9 adders
  3 shadow imps
  An adder skeleton (D:4)
  An adder zombie (D:1)
  2 worms
  3 dart slugs
  3 leopard geckos
  20 orcs
  A ball python (D:3)
  7 bats
  2 giant cockroaches
  17 goblins
  16 hobgoblins
  3 jackals (D:1)
  5 kobolds
  3 quokkas
  7 frilled lizards
  A jackal skeleton (D:7)
  A leopard gecko zombie (D:1)
  A quokka skeleton (D:8)
  A quokka zombie (D:7)
  7 rats
195 creatures vanquished.

Notes
Turn   | Place    | Note
-------+----------+-------------------------------------------
     0 | D:1      | Oravi the Draconian Conjurer began the quest for the Orb.
     0 | D:1      | Reached XP level 1. HP: 14/14 MP: 3/3
   352 | D:1      | Reached XP level 2. HP: 20/20 MP: 1/5
  1580 | D:2      | Found a white marble altar of Elyvilon.
  1580 | D:2      | Found a radiant altar of Vehumet.
  1689 | D:1      | Reached XP level 3. HP: 16/26 MP: 1/7
  1693 | D:1      | Learned a level 2 spell: Searing Ray
  1697 | D:1      | Learned a level 3 spell: Dazzling Spray
  1845 | D:2      | Became a worshipper of Vehumet
  2218 | D:2      | Reached XP level 4. HP: 29/33 MP: 4/8
  2926 | D:3      | Reached skill level 5 in Conjurations
  3051 | D:3      | Reached * piety under Vehumet
  3051 | D:3      | Offered knowledge of Sting by Vehumet.
  3558 | D:4      | Found a staircase to the Ecumenical Temple.
  3569 | Temple   | Entered the Ecumenical Temple
  3733 | D:4      | Reached XP level 5. HP: 34/38 MP: 5/10
  4604 | D:4      | Noticed an ogre
  4610 | D:4      | Killed an ogre
  4610 | D:4      | Reached skill level 6 in Conjurations
  4610 | D:4      | Reached XP level 6. HP: 45/45 MP: 4/12
  4975 | D:4      | Reached skill level 5 in Spellcasting
  4996 | D:4      | Your scales start taking on a glossy black colour.
  4996 | D:4      | Reached XP level 7. HP: 50/50 MP: 8/14
  4996 | D:4      | Gained mutation: You are resistant to electric shocks. (rElec) [Black Draconian growth]
  5571 | D:5      | Entered Level 5 of the Dungeon
  5652 | D:5      | Reached skill level 7 in Conjurations
  5912 | D:5      | Found a stormy altar of Qazlal.
  6124 | D:5      | Reached XP level 8. HP: 57/57 MP: 3/17
  6270 | D:5      | Found a basalt altar of Yredelemnul.
  6526 | D:5      | Reached skill level 8 in Conjurations
  6719 | D:6      | Found a sparkling altar of Nemelex Xobeh.
  8046 | D:6      | Reached skill level 9 in Conjurations
  8632 | D:7      | Reached XP level 9. HP: 62/62 MP: 20/20
  8763 | D:7      | Noticed Menkaure
  8775 | D:7      | Killed Menkaure
  8853 | D:7      | Found an ornate altar of the Wu Jian Council.
  9165 | D:7      | Reached ** piety under Vehumet
  9165 | D:7      | Offered knowledge of Sandblast by Vehumet.
  9519 | D:7      | Reached skill level 10 in Conjurations
  9881 | D:7      | Found a sparkling altar of Nemelex Xobeh.
 10026 | D:8      | Found Zin's Purification Station.
 10026 | D:8      | Found a glowing silver altar of Zin.
 10077 | D:8      | Reached skill level 1 in Fighting
 10080 | D:8      | Reached skill level 1 in Shields
 10309 | D:8      | Found a shadowy altar of Dithmenos.
 10341 | D:8      | Found a flagged portal.
 10353 | Bailey   | Entered a bailey
 10393 | Bailey   | Learned a level 4 spell: Iskenderun's Mystic Blast
 10611 | Bailey   | Found an iron altar of Okawaru.
 10611 | Bailey   | Noticed a kobold demonologist
 10611 | Bailey   | Noticed a kobold demonologist
 10626 | Bailey   | Noticed an orange demon
 10627 | Bailey   | Killed a kobold demonologist
 10651 | Bailey   | Killed a kobold demonologist
 10651 | Bailey   | Reached XP level 10. HP: 56/75 MP: 1/23
 11028 | Bailey   | Offered knowledge of Inner Flame by Vehumet.
 11201 | Bailey   | Reached *** piety under Vehumet
 11492 | Bailey   | Noticed an orc knight
 11911 | D:8      | HP: 2/78 [orc knight/war axe (21)]
 11914 | D:8      | Slain by an orc knight

Vault maps used:
D:1:      saegor_arrival_fortress
D:2:      chequers_temple_overflow_statue_of_worship, minmay_tetromino_l4
D:3:      first_ration
D:4:      minmay_temple_entry_junction
D:5:      nicolae_qazlal_eye_of_the_storm, old_standard_altar
D:6:      lemuel_crystal_altar
D:7:      nicolae_overflow_crystal_walls, grunt_ogre_cave,
          nemelex_lonely_heart_becter, uniq_menkaure
D:8:      zin_purify, gammafunk_temple_overflow_claw,
          grunt_dithmenos_smoke_and_mirrors, enter_bailey_3,
          kennysheep_decorative_pillar
Temple:   jpeg_temple_clearing
Bailey:   bailey_axe_of_yendor_kennysheep, bailey

Skill      XL: |  1  2  3  4  5  6  7  8  9 10 |
---------------+-------------------------------+-----
Spellcasting   | 3 4 5 6 7 9 |  9.5
Conjurations   | 5 6 7 9 10 | 10.2
Dodging        | 3 |  3.7
Fighting       | 2 3 |  3.8
Shields        | 2 3 |  3.5
Stealth        | |  1.7

Action                   |  1- 3 |  4- 6 |  7- 9 | 10-12 || total
-------------------------+-------+-------+-------+-------++-------
Melee: Unarmed           |    51 |       |       |       ||    51
       Tailslap          |     4 |     3 |       |     2 ||     9
       Hand axe          |     9 |       |       |       ||     9
       Dagger            |       |     9 |       |       ||     9
       Short sword       |       |       |    19 |    12 ||    31
Throw: Stone             |     9 |       |       |       ||     9
 Cast: Magic Dart        |    60 |    48 |    55 |    18 ||   181
       Searing Ray       |     6 |    26 |    88 |    23 ||   143
       Iskenderun's Myst |       |       |     6 |     2 ||     8
  Use: Scroll            |       |       |    10 |     2 ||    12
       Potion            |       |       |     1 |     4 ||     5
  Eat: Chunk             |     2 |     9 |    27 |     3 ||    41
       Ration            |     1 |       |     1 |       ||     2
Armor: Skin              |    28 |    13 |    83 |    14 ||   138
Dodge: Dodged            |    42 |    22 |   128 |    36 ||   228
Block: Buckler           |       |       |       |     2 ||     2

Table legend:
 A = Spawn XP
 B = Non-spawn XP
 C = Spawn XP percentage of total XP
 D = Spawn monster count
 E = Non-spawn monster count
 F = Spawn count percentage of total count
 G = Total turns spent on level
                    A         B        C        D         E        F      G
               +---------+---------+-------+---------+---------+-------+---------
         Total |       0 |    7072 |   0.0 |       0 |     195 |   0.0 | 11914
               +---------+---------+-------+---------+---------+-------+---------
           D:1 |       0 |      43 |   0.0 |       0 |      19 |   0.0 |  1828
           D:2 |       0 |      77 |   0.0 |       0 |      19 |   0.0 |  1079
           D:3 |       0 |      33 |   0.0 |       0 |      18 |   0.0 |   815
           D:4 |       0 |     753 |   0.0 |       0 |      20 |   0.0 |  1754
           D:5 |       0 |     756 |   0.0 |       0 |      16 |   0.0 |  1121
           D:6 |       0 |    1009 |   0.0 |       0 |      22 |   0.0 |  2024
           D:7 |       0 |    1510 |   0.0 |       0 |      27 |   0.0 |  1307
           D:8 |       0 |     403 |   0.0 |       0 |      12 |   0.0 |   341
        Bailey |       0 |    2488 |   0.0 |       0 |      42 |   0.0 |  1550
               +---------+---------+-------+---------+---------+-------+---------
